 Dungeon Crawl Stone Soup version 0.31-a0-940-gdaa99269f9 (webtiles) character file.

Game seed: 9217272391534267019

14 Arzdou the Ruffian (level 2, 18/18 HPs)
             Began as an Octopode Shapeshifter on Oct 20, 2023.
             Was a Follower of Cheibriados.
             Quit the game on level 1 of the Dungeon.
             The game lasted 00:00:56 (400 turns).

Arzdou the Ruffian (Octopode Shapeshifter)           Turns: 400, Time: 00:00:57

Health: 18/18      AC:  1    Str: 15    XL:     2   Next: 45%
Magic:  2/2        EV: 13    Int: 14    God:    Cheibriados [*.....]
Gold:   36         SH:  0    Dex: 13    Spells: 1/1 levels left

rFire   . .          .
                       - Unarmed
rCold   . . .        (no shield)
rNeg    . . .        (helmet currently unavailable)
rPois   .            (no amulet)
rElec   .            (no ring)
rCorr   .            (no ring)
SInv    .            (no ring)
Will    .....        (no ring)
Stlth   ++           (no ring)
HPRegen 0.23/turn    (no ring)
MPRegen 0.08/turn    (no ring)
                     (no ring)

%: no passive effects
@: beast-form, very slow
A: beast (slay +1), almost no armour, amphibious, 8 rings, camouflage 1,
gelatinous body 1, (nimble swimmer 1), tentacles
a: Begin Untransformation, Renounce Religion, Bend Time


You were on level 1 of the Dungeon.
You worshipped Cheibriados.
Cheibriados was aware of your devotion.
You were a hulking beast.
You visited 1 branch of the dungeon, and saw 1 of its levels.

You collected 36 gold pieces.

Inventory:

Talismans
 b - a beast talisman (active)
 c - a flux talisman
Scrolls
 d - a scroll of identify {unknown}
Potions
 a - a potion of lignification


   Skills:
 - Level 1.0 Fighting
 - Level 2.0 Dodging
 + Level 3.8 Unarmed Combat
 - Level 3.0 Shapeshifting


You had one spell level left.
You didn't know any spells.
Your spell library was empty.

Dungeon Overview and Level Annotations

Branches:
Dungeon (1/15)

Altars:
Cheibriados


Innate Abilities, Weirdness & Mutations

You are a hulking beast.
Your limbs bulge with bestial killing power. (Slay +1)
You cannot wear most types of armour.
You are amphibious.
You can wear up to eight rings at the same time.
Your skin changes colour to match your surroundings (Stealth+).
Your rubbery body absorbs attacks. (AC +1, EV +1)
((You are camouflaged when in or above water. (Stealth+)))
You have tentacles for arms and can constrict up to eight enemies at once.


Message History

You tentacle-slap the kobold.
The kobold is severely wounded.
You constrict the kobold, but do no damage.
The kobold hits you with a +0 whip.
A kobold is nearby!
You tentacle-slap the kobold but do no damage.
The kobold is severely wounded.
You constrict the kobold.
You kill the kobold!
No target in view!
A rat comes into view.
A rat is nearby!
You tentacle-slap the rat.
You kill the rat!
No target in view!
No target in view!
As you open the door, it creaks loudly!
There is an open door here.
You open the door.
There is an open door here.
There is an open door here.
Found a stone staircase leading down.
You open the door.
There is an open door here.
A kobold comes into view. It is wielding a +0 short sword.
The helpless kobold fails to defend itself.
You tentacle-slap the kobold.
You kill the kobold!
No target in view!
You see here a +1 hand axe of electrocution.
Found a faded altar of an unknown god.
There is a faded altar of an unknown god here.
This altar belongs to (a) Cheibriados, (b) Jiyva or (c) Makhleb, but you can't tell which.
Press the corresponding letter to learn more about a god, or press enter to convert or escape to cancel.
Cheibriados accepts your prayer! Cheibriados welcomes you!
Cheibriados begins to support your attributes as your movement slows.
Cheibriados is now slowing the effects of poison on you.
You can now bend time to slow others.
Cheibriados raises the support of your attributes as your movement slows.
Are you sure you want to abandon this character and quit the game? (Confirm with "yes".)

#.......# #....# ###
#.......# ###.## #
#.......#### #. #
#..........# #
#.......##.# #
#.......##.# #
#########♣.♣ ########
#.# ........ ♣h♣
..........
#.######..........
♣.♣#..............
..##.##.....#########
#............# #
#............# #
#.........)..# #
#............# #
#............# #


There were no monsters in sight!

Vanquished Creatures
  2 giant cockroaches (D:1)
  2 goblins (D:1)
  A hobgoblin (D:1)
  6 kobolds (D:1)
  2 rats (D:1)
13 creatures vanquished.

Notes
Turn   | Place    | Note
-------+----------+-------------------------------------------
     0 | D:1      | Arzdou the Octopode Shapeshifter began the quest for the
                  | Orb.
     0 | D:1      | Reached XP level 1. HP: 13/13 MP: 1/1
    57 | D:1      | Reached XP level 2. HP: 18/18 MP: 2/2
   392 | D:1      | Found a faded altar of an unknown god.
   399 | D:1      | Prayed at the altar of an unknown god.
   399 | D:1      | Became a worshipper of Cheibriados the Contemplative
   399 | D:1      | Reached * piety under Cheibriados
   400 | D:1      | Quit the game

Illustrated notes

Levels and vault maps discovered:
D:1:      minmay_arrival_plants_in_alcoves, layout_basic,
          ebering_ecumenical_altar_hall, minmay_misc_feat_square,
          minmay_splitting_lines

Action                     || total
---------------------------++-------
  Melee: Unarmed           ||    25
         Constrict         ||     7
         Tentacles         ||     3
         Punch             ||     2
   Stab: Sleeping          ||     2
 Armour: Skin              ||     5
  Dodge: Dodged            ||    11

Table legend: (Time is in decaauts)
 A = Elapsed time spent in this place.
 B = Non-inter-level travel time spent in this place.
 C = Inter-level travel time spent in this place.
 D = Time resting spent in this place.
 E = Time spent auto-exploring this place.
 F = Levels seen in this place.
 G = Mean time per level.
                   A        B        C        D        E       F      G
               +--------+--------+--------+--------+--------+-----+--------+
         Total |    398 |    398 |      0 |      0 |    313 |   1 |  398.0 |
       Dungeon |    398 |    398 |      0 |      0 |    313 |   1 |  398.0 |
               +--------+--------+--------+--------+--------+-----+--------+

Top non-repeatable levels by time:
     D:1: 398 daAuts
